 Dungeon Crawl Stone Soup version 0.30-a0-359-gd0147acb1a (webtiles) character file.

Game seed: 11800830082727470074

8292 avis the Skirmisher (level 10, -7/83 HPs)
             Began as a Demigod Ice Elementalist on Nov 11, 2022.
             Mangled by a large abomination (29 damage)
             ... on level 1 of the Abyss.
             The game lasted 01:37:15 (14519 turns).

avis the Skirmisher (Demigod Ice Elementalist)     Turns: 14519, Time: 01:37:15

Health: -7/83      AC: 15    Str:  9    XL:     10   Next: 81%
Magic:  28/28      EV: 12    Int: 17    God:
Gold:   267        SH:  0    Dex: 26    Spells: 8/17 levels left

rFire   . . .      SeeInvis .    a - +0 arbalest
rCold   + . .      Faith    .    (shield currently unavailable)
rNeg    . . .      Spirit   .    Y - +1 swamp dragon scales
rPois   +          Reflect  .    (no helmet)
rElec   .          Harm     .    Z - +1 cloak
rCorr   .          Rampage  .    U - +0 pair of gloves
Will    +....                    A - +2 pair of boots
Stlth   ++........               F - amulet of magic regeneration
HPRegen 0.33/turn                x - ring of protection from cold
MPRegen 0.61/turn                g - ring of magical power

@: no status effects
A: high MP 1, forlorn, divine attributes
a: no special abilities


You were on level 1 of the Abyss.
You visited 2 branches of the dungeon, and saw 11 of its levels.
You visited the Abyss 1 time.

You collected 443 gold pieces.
You spent 176 gold pieces at shops.

Inventory:

Hand Weapons
 a - a +0 arbalest (weapon)
 b - a +1 shortbow
 D - a +1 great sword
 I - the +6 glaive "Deatass" {protect, rElec rF+}
   (You found it on level 9 of the Dungeon)

   It grants its wielder temporary protection when it strikes (+7 to AC).
   rF:        It protects you from fire.
   rElec:     It insulates you from electricity.
 K - a +0 dagger of venom
Missiles
 E - 12 poisoned darts
Armour
 A - a +2 pair of boots (worn)
 U - a +0 pair of gloves (worn)
 Y - +1 swamp dragon scales (worn)
 Z - a +1 cloak (worn)
Jewellery
 g - a ring of magical power (right hand)
 k - a ring of fire
 x - a ring of protection from cold (left hand)
 F - an amulet of magic regeneration (around neck)
Wands
 d - a wand of flame (18)
 H - a wand of light (4)
 L - a wand of paralysis (19)
 R - a wand of digging (7)
Scrolls
 l - 2 scrolls of noise {unknown}
 n - 2 scrolls of magic mapping {unknown}
 o - 3 scrolls of blinking
 p - a scroll of amnesia {unknown}
 s - 6 scrolls of teleportation
 t - a scroll of brand weapon {unknown}
 v - 4 scrolls of fear {unknown}
 y - 4 scrolls of summoning {unknown}
 B - a scroll of immolation {unknown}
 C - 2 scrolls of silence {unknown}
 G - 2 scrolls of poison {unknown}
Potions
 e - a potion of resistance {unknown}
 h - 4 potions of flight
 i - 2 potions of might
 j - 4 potions of brilliance {unknown}
 m - 3 potions of lignification
 q - 7 potions of curing
 r - 2 potions of magic
 u - a potion of berserk rage {unknown}
 z - 2 potions of heal wounds {unknown}
 M - a potion of ambrosia {unknown}
 N - 4 potions of cancellation
 O - a potion of mutation {unknown}
 P - 2 potions of degeneration {unknown}
 V - a potion of attraction {unknown}


   Skills:
 - Level 6.0 Fighting
 * Level 12.2 Ranged Weapons
 - Level 3.0 Armour
 - Level 3.0 Dodging
 - Level 2.0 Stealth
 - Level 4.0 Spellcasting
 - Level 2.0 Transmutations
 - Level 6.0 Ice Magic


You had 8 spell levels left.
You knew the following spells:

 Your Spells              Type           Power      Damage    Failure   Level
a - Freeze                Ice            92%        1d9       3%          1
c - Passwall              Tmut/Erth      5%         N/A       38%         2
o - Ozocubu's Armour      Ice            23%        N/A       11%         3
r - Frozen Ramparts       Ice            46%        1d7       11%         3

Your spell library contained the following spells:

 Spells                   Type           Power      Damage    Failure   Level
 Beastly Appendage        Tmut           20%        N/A       19%         1
 Wereblood                Tmut           10%        N/A       26%         2
 Cigotuvi's Dreadful Rot  Necr/Pois/Air  6%         N/A       52%         2
 Poisonous Vapours        Pois/Air       6%         N/A       52%         2
 Spider Form              Tmut/Pois      6%         N/A       63%         3
 Summon Ice Beast         Ice/Summ       13%        N/A       75%         4
 Mephitic Cloud           Conj/Pois/Air  3%         N/A       77%         3
 Iron Shot                Conj/Erth      1%         9d1       100%        6


Dungeon Overview and Level Annotations

Branches:
Dungeon (10/15)            Temple (1/1) D:5
   Lair: D:8-11         Orc: D:9-12

Shops:
D:2 [

Annotations:
D:3 1 runed translucent door, Atlas's ghost, amateur DjFE
D:4 2 transporters
D:6 1 runed translucent door, exclusion: door, Crazy Yiuf
D:8 Glass box needs passwall
D:10 Erolcha


Innate Abilities, Weirdness & Mutations

You have an increased reservoir of magic. (+10% MP)
You shall have no god before yourself.
Your divine heritage dramatically boosts your attributes as you level up.


Message History

You destroy the tentacled starspawn!
The starspawn's tentacles wither and die.
Training target 6.0 for Fighting reached!
Your Fighting skill increases to level 6!
You need to enable at least one skill for training.
Fire: a) +0 arbalest
Press: ? - help, Q - select action, (/) - cycle Shift-Dir - straight line, f - large abomination
Aim: a large abomination (81% to hit)
You shoot a bolt. The bolt hits the large abomination.
The large abomination is lightly damaged.
The large abomination hits you. The large abomination hits you!!
Fire: a) +0 arbalest
Press: ? - help, Q - select action, (/) - cycle Shift-Dir - straight line, f/p - large abomination
Aim: a large abomination (lightly damaged, 81% to hit)
You shoot a bolt. The bolt hits the large abomination!
The large abomination is moderately damaged.
The large abomination hits you.
Fire: a) +0 arbalest
Press: ? - help, Q - select action, (/) - cycle Shift-Dir - straight line, f/p - large abomination
Aim: a large abomination (moderately damaged, 81% to hit)
You shoot a bolt. The bolt hits the large abomination.
The large abomination is moderately damaged.
The large abomination hits you.
* * * LOW HITPOINT WARNING * * *
The large abomination misses you.
Fire: a) +0 arbalest
Press: ? - help, Q - select action, (/) - cycle Shift-Dir - straight line, f/p - large abomination
Aim: a large abomination (moderately damaged, 81% to hit)
You shoot a bolt. The bolt hits the large abomination.
The large abomination is moderately damaged.
The large abomination hits you but does no damage.
Fire: a) +0 arbalest
Press: ? - help, Q - select action, (/) - cycle Shift-Dir - straight line, f/p - large abomination
Aim: a large abomination (moderately damaged, 81% to hit)
You shoot a bolt. The bolt hits the large abomination!!
The large abomination is severely damaged.
The large abomination completely misses you.
An orange demon comes into view.
The large abomination hits you!!
You die...

.. . .#. # #.
## # .## ..# .
# .... . ## .
.. #.###
####.##... #
.##.
#####.#.... .
.#.###..@X....#
#. #..####4.##
##. #..#.# .# #
... #..#.# ....
## #. ### ##.##
##. .##. .#
##.# #### ..
#.# X# #.## #
### .#


You could see an orange demon and a large abomination.

Vanquished Creatures
  A tentacled starspawn (Abyss:1)
  A centaur warrior (D:9)
  Pikel (D:6)
  Maurice (D:9)
  Maggie (D:9)
  2 trolls
  Prince Ribbit (D:6)
  4 yaks (D:9)
  A wyvern (D:9)
  2 steam dragons
  2 vampire mosquitoes (D:10)
  A water moccasin (D:5)
  An acid dragon (D:9)
  An orc warrior (D:10)
  4 ice beasts
  4 sky beasts
  A black bear (D:7)
  2 centaurs
  2 ogres
  3 lemures
  A phantom (Temple)
  5 bullfrogs
  A kobold brigand (D:4)
  A necrophage (D:5)
  4 scorpions
  4 wights (D:9)
  5 killer bees (D:10)
  A howler monkey (D:8)
  7 hounds
  2 jellies (D:6)
  4 orc priests
  3 iguanas
  Terence (D:3)
  6 orc wizards
  5 gnolls
  10 adders
  A shadow imp (D:7)
  2 white imps
  2 ufetubi (D:5)
  6 worms
  27 orcs
  9 endoplasms
  4 giant cockroaches
  2 goblins
  8 hobgoblins
  2 jackals (D:1)
  7 kobolds
  5 quokkas
  9 ball pythons
  6 bats
  6 frilled lizards
  4 rats
  2 butterflies (D:8)
198 creatures vanquished.

Vanquished Creatures (others)
  A howler monkey (D:8)
  5 starspawn tentacles (Abyss:1)
6 creatures vanquished.

Grand Total: 204 creatures vanquished

Notes
Turn   | Place    | Note
-------+----------+-------------------------------------------
     0 | D:1      | avis the Demigod Ice Elementalist began the quest for the
                  | Orb.
     0 | D:1      | Reached XP level 1. HP: 14/14 MP: 5/5
   310 | D:1      | Reached XP level 2. HP: 22/22 MP: 5/7
   476 | D:1      | Reached skill level 1 in Fighting
   963 | D:1      | Reached XP level 3. HP: 28/28 MP: 2/9
  1051 | D:1      | Learned a level 3 spell: Frozen Ramparts
  1055 | D:1      | Learned a level 3 spell: Ozocubu's Armour
  1641 | D:2      | Reached skill level 1 in Ranged Weapons
  1799 | D:2      | Reached XP level 4. HP: 36/36 MP: 8/10
  2586 | D:2      | Found Tuhashre's Antique Armour Emporium.
  2883 | D:3      | Noticed Atlas's ghost (amateur DjFE)
  2883 | D:3      | Found a runed translucent door.
  2995 | D:3      | Reached skill level 2 in Ranged Weapons
  3759 | D:3      | Noticed Terence
  3780 | D:3      | Killed Terence
  3945 | D:2      | Bought a runed robe for 88 gold pieces
  4530 | D:4      | Reached XP level 5. HP: 41/41 MP: 5/12
  4719 | D:4      | Found a transporter.
  4829 | D:4      | Reached skill level 3 in Ranged Weapons
  5004 | D:4      | Reached skill level 4 in Ranged Weapons
  5004 | D:4      | Reached XP level 6. HP: 35/48 MP: 7/13
  5427 | D:4      | Reached skill level 5 in Ice Magic
  5520 | D:4      | Identified the +0 dagger "Moefa" {drain, rC++}
  5784 | D:4      | Found a transporter.
  5998 | D:4      | Reached XP level 7. HP: 55/55 MP: 8/14
  6001 | D:4      | Reached skill level 5 in Ranged Weapons
  6292 | D:5      | Entered Level 5 of the Dungeon
  6478 | D:5      | Reached skill level 6 in Ranged Weapons
  6686 | D:5      | Found a staircase to the Ecumenical Temple.
  6760 | Temple   | Entered the Ecumenical Temple
  6895 | D:5      | Reached XP level 8. HP: 57/61 MP: 9/15
  7565 | D:2      | Bought an embroidered robe for 88 gold pieces
  7770 | D:6      | Noticed Pikel
  7770 | D:6      | Noticed Prince Ribbit
  7790 | D:5      | Reached skill level 7 in Ranged Weapons
  7965 | D:6      | Killed Pikel
  7966 | D:6      | Reached skill level 8 in Ranged Weapons
  7978 | D:6      | Killed Prince Ribbit
  8246 | D:6      | Reached skill level 9 in Ranged Weapons
  8632 | D:6      | Reached XP level 9. HP: 69/69 MP: 11/16
  8676 | D:6      | Got the Anthology of Terra Firma
  9056 | D:6      | Found a runed translucent door.
  9057 | D:6      | Noticed Crazy Yiuf
  9738 | D:7      | Reached skill level 10 in Ranged Weapons
 10856 | D:8      | Learned a level 2 spell: Passwall
 10938 | D:8      | Reached skill level 1 in Armour
 11212 | D:8      | Identified the +0 scale mail "Trusted Companion" {rElec}
 11578 | D:9      | Noticed Maggie
 11587 | D:9      | Killed Maggie
 12378 | D:9      | Noticed Maurice
 12391 | D:9      | Killed Maurice
 12392 | D:9      | Reached skill level 5 in Fighting
 12392 | D:9      | Reached XP level 10. HP: 75/81 MP: 19/19
 12420 | D:9      | Identified the +6 glaive "Deatass" {protect, rElec rF+}
 13151 | D:10     | Entered Level 10 of the Dungeon
 13151 | D:10     | Noticed a centaur warrior
 13167 | D:9      | Killed a centaur warrior
 13500 | D:10     | Reached skill level 11 in Ranged Weapons
 14303 | D:10     | Reached skill level 12 in Ranged Weapons
 14387 | D:10     | Noticed Erolcha
 14405 | Abyss:1  | Cast into level 1 of the Abyss (Erolcha)
 14502 | Abyss:1  | Noticed a tentacled starspawn
 14503 | Abyss:1  | Noticed a large abomination
 14514 | Abyss:1  | Killed a tentacled starspawn
 14519 | Abyss:1  | Mangled by a large abomination

Illustrated notes

Levels and vault maps discovered:
D:1:      dpeg_arrival_lava_temple_mockup, layout_loops_cross, nicolae_titane
D:2:      layout_basic, serial_shops, shop, serial_aquarium,
          aquarium_bridge_square [aquarium_subvault_wall,
          aquarium_subvault_bridge, aquarium_subvault_bridge,
          aquarium_subvault_bridge], aquarium_bridge_square
          [aquarium_subvault_bridge, aquarium_subvault_window,
          aquarium_subvault_bridge, aquarium_subvault_window],
          aquarium_window_fake, aquarium_window_1, aquarium_view_2c,
          minmay_box_of_dots
D:3:      layout_loops_ring, mainiacjoe_overflow_alcove_4,
          amcnicky_altar_gilded, hellmonk_ghost_happy_afterlife, uniq_terence
D:4:      gammafunk_wand_slinger, layout_basic, minmay_crystal_water,
          minmay_small_thing
D:5:      layout_gridville, minmay_temple_entry_gardened_gates,
          chequers_decorated_corner
D:6:      layout_basic, uniq_pikel, uniq_crazy_yiuf_cottage, uniq_prince_ribbit1
D:7:      layout_rooms, mainiacjoe_overflow_small_starburst,
          grunt_decor_junction
D:8:      lemuel_ice_spiral_2, layout_basic, bloody_trog,
          grunt_temple_overflow_open, xom_butterflies, elyvilon_altar_3,
          hangedman_decor_opposing
D:9:      layout_loops_corners, uniq_maggie, uniq_maurice
D:10:     layout_roguey, nicolae_zen_rock_garden, grunt_ministairs_9,
          uniq_erolcha
Temple:   minmay_temple_forest_path
Abyss:1:  base:
D:3

Skill      XL: |  1  2  3  4  5  6  7  8  9 10 |
---------------+-------------------------------+-----
Ice Magic      | 4 5 6 |  6.0
Fighting       | 1 2 3 5 6 |  6.0
Spellcasting   | 2 3 4 |  4.0
Ranged Weapons | 1 2 4 6 9 10 12 | 12.2
Dodging        | 2 3 |  3.0
Stealth        | 2 |  2.0
Armour         | 3 |  3.0
Transmutations | 2 |  2.0

Action                   |  1- 3 |  4- 6 |  7- 9 | 10-12 || total
-------------------------+-------+-------+-------+-------++-------
Melee: Trident           |     2 |       |       |       ||     2
       Dagger            |       |    16 |   130 |       ||   146
       Punch             |       |     1 |     1 |       ||     2
 Fire: Sling             |    38 |   102 |    10 |       ||   150
       Shortbow          |       |       |   197 |   117 ||   314
       Arbalest          |       |       |       |    14 ||    14
Throw: Boomerang         |    51 |     2 |       |       ||    53
 Cast: Freeze            |    54 |     5 |     2 |     1 ||    62
       Frozen Ramparts   |       |    18 |    43 |    18 ||    79
       Ozocubu's Armour  |       |    12 |    38 |    11 ||    61
  Use: Scroll            |       |     2 |     5 |     3 ||    10
       Potion            |       |       |     1 |       ||     1
Armor: Robe              |     9 |    18 |   108 |       ||   135
       Swamp dragon scal |       |       |    10 |    64 ||    74
Dodge: Dodged            |    25 |    42 |   183 |    82 ||   332

Table legend: (Time is in decaauts)
 A = Elapsed time spent in this place.
 B = Non-inter-level travel time spent in this place.
 C = Inter-level travel time spent in this place.
 D = Time resting spent in this place.
 E = Time spent auto-exploring this place.
 F = Levels seen in this place.
 G = Mean time per level.
                   A        B        C        D        E       F      G
               +--------+--------+--------+--------+--------+-----+--------+
         Total |  14613 |  12242 |   2371 |   3582 |   5895 |  12 | 1217.8 |
       Dungeon |  14459 |  12090 |   2369 |   3554 |   5895 |  10 | 1445.9 |
        Temple |     34 |     33 |      1 |      0 |      0 |   1 |   34.0 |
         Abyss |    119 |    119 |      0 |     28 |      0 |   1 |  119.0 |
               +--------+--------+--------+--------+--------+-----+--------+

Top non-repeatable levels by time:
     D:2: 2221 daAuts
     D:9: 2098 daAuts
     D:4: 1729 daAuts
     D:5: 1512 daAuts
     D:6: 1419 daAuts
     D:1: 1415 daAuts
     D:8: 1317 daAuts
     D:3: 1306 daAuts
     D:7: 843 daAuts
    D:10: 596 daAuts
 Abyss:1: 119 daAuts
  Temple: 34 daAuts
